 Dungeon Crawl Stone Soup version 0.26.1-2-gb8aa6d0cf2 (webtiles) character file.

Game seed: 3519980475045077822

3558 CryoSword the Quickloader (level 10, -8/79 HPs)
             Began as a Formicid Arcane Marksman on Feb 11, 2021.
             Was a Believer of Ru.
             Mangled by a wyvern skeleton (12 damage)
             ... on level 7 of the Dungeon.
             The game lasted 00:46:22 (12424 turns).

CryoSword the Quickloader (FoAM)                   Turns: 12424, Time: 00:46:23

Health: -8/79      AC: 16    Str: 16    XL:     10   Next: 30%
Magic:  14/14      EV: 11    Int: 14    God:    Ru [**....]
Gold:   102        SH:  0    Dex: 12    Spells: 5/15 levels left

rFire    . . .     SeeInvis +   b - +1 flail (protect)
rCold    . . .     Faith    .   (no shield)
rNeg     + . .     Spirit   .   k - +0 ring mail (curse)
rPois    .         Reflect  .   (helmet unavailable)
rElec    .         Harm     .   (no cloak)
rCorr    .         Rampage  .   C - +1 pair of gloves
Will     +....                  f - +1 pair of boots
Stlth    ++........             B - amulet of magic regeneration
HPRegen  0.23/turn              l - +4 ring of protection
MPRegen  0.39/turn              x - ring of positive energy

@: no scrolls, protection aura
A: permanent stasis, dig shafts and tunnels, four strong arms, antennae 3,
inability to read while threatened, reduced AC 1
a: Dig, Shaft Self, Renounce Religion


You were on level 7 of the Dungeon.
You worshipped Ru.
Ru was pleased with you.
You visited 1 branch of the dungeon, and saw 8 of its levels.

You collected 516 gold pieces.
You spent 414 gold pieces at shops.

Inventory:

Hand Weapons
 a - a +0 hand crossbow
 b - a +1 flail of protection (weapon)
   (You took it off an orc on level 3 of the Dungeon)
Missiles
 d - 4 boomerangs (quivered)
 u - 73 bolts
Armour
 f - a +1 pair of boots (worn)
   (You found it on level 2 of the Dungeon)
 k - a cursed +0 ring mail (worn)
   (You found it on level 5 of the Dungeon)
 C - a +1 pair of gloves (worn)
   (You bought it in a shop on level 6 of the Dungeon)
 E - a +0 tower shield
   (You bought it in a shop on level 6 of the Dungeon)
Jewellery
 l - a +4 ring of protection (left hand)
   (You found it on level 2 of the Dungeon)
 x - a ring of positive energy (right hand)
   (You found it on level 6 of the Dungeon)
 B - an amulet of magic regeneration (around neck)
   (You bought it in a shop on level 6 of the Dungeon)
Wands
 e - a wand of digging (1)
   (You found it on level 6 of the Dungeon)
 s - a wand of iceblast (5)
   (You found it on level 3 of the Dungeon)
Scrolls
 g - a scroll of teleportation {unknown}
 h - a scroll of fog
 m - 2 scrolls of remove curse {@r2}
 o - a scroll of random uselessness {unknown}
 v - a scroll of enchant weapon {unknown}
 w - a scroll of enchant armour
 y - a scroll of magic mapping {unknown}
 z - a scroll of amnesia {unknown}
 A - a scroll of brand weapon {unknown}
 F - 2 scrolls of identify {@r1}
Potions
 c - 3 potions of curing {@q1}
 i - a potion of brilliance
 j - 2 potions of resistance {unknown}
 n - 4 potions of lignification {!q}
 p - 2 potions of ambrosia
 q - 2 potions of magic
 r - a potion of might
 D - a potion of cancellation {unknown}


   Skills:
 + Level 7.6 Fighting
 * Level 9.9 Crossbows
 + Level 3.8 Armour
 - Level 1.7 Dodging
 + Level 3.3 Stealth
 + Level 2.4 Shields
 - Level 3.0 Spellcasting
 - Level 5.0 Hexes
 - Level 3.0 Translocations


You had 5 spell levels left.
You knew the following spells:

 Your Spells              Type           Power        Failure   Level
a - Corona                Hex            17%          4%          1
b - Slow                  Hex            16%          8%          2
c - Portal Projectile     Hex/Tloc       26%          22%         3
d - Cause Fear            Hex            8%           43%         4

Your spell library contained the following spells:

 Spells                   Type           Power        Failure   Level
 Foxfire                  Conj/Fire      8%           36%         1
 Inner Flame              Hex/Fire       9%           38%         3
 Conjure Flame            Conj/Fire      2%           75%         3
 Leda's Liquefaction      Hex/Erth       4%           80%         4
 Sticky Flame             Conj/Fire      2%           98%         4
 Fireball                 Conj/Fire      1%           100%        5


Dungeon Overview and Level Annotations

Branches:
Dungeon (8/15)             Temple (0/1) D:5
   Lair: D:8-11

Altars:
Ashenzari
Cheibriados
Gozag
Makhleb
Okawaru
Qazlal
Ru
Wu Jian
Xom
Zin
The Shining One

Shops:
D:6 **!}=   D:7 (


Innate Abilities, Weirdness & Mutations

You cannot be hasted, slowed, berserked, paralysed or teleported.
You can dig through walls and to a lower floor.
Your four strong arms can wield two-handed weapons with a shield.
You have a pair of large antennae on your head. (SInv)
You cannot read scrolls while threatened.
You take slightly more damage. (AC -5)


Message History

Found a chain mail.
u - 83 bolts (gained 1) No target in view!
u - 84 bolts (gained 1)
You now have 84 gold pieces (gained 14).
You now have 102 gold pieces (gained 18).
u - 85 bolts (gained 1)
Found a chain mail.
Found 10 sling bullets.
F - 2 scrolls of identify {@r1} (gained 1)
Found a stone staircase leading up.
An orc priest comes into view. It is wielding a +0 club.
You shoot a bolt. The bolt hits the orc priest.
The orc priest shouts!
You hear a howl!
A warg comes into view.
An orc wizard comes into view. It is wielding a +0 dagger.
You shoot a bolt. The orc wizard shouts!
The bolt hits the orc priest.
You hear a shout!
You hear a howl!
A warg comes into view.
You shoot a bolt. The warg howls!
The bolt hits the orc priest.
You hear a shout!
The orc wizard mumbles some strange words.
The orc wizard seems to speed up.
An orc comes into view. It is wielding a +0 morningstar.
The orc priest miscasts a cantrip.
An orc comes into view.
You shoot a bolt. The bolt closely misses the orc priest.
The orc priest invokes the aid of Beogh against you.
Beogh smites you!
You hear a shout!
You hear two shouts!
You shoot a bolt. The bolt barely misses the warg.
You shoot a bolt. The bolt barely misses the orc priest.
The bolt hits the orc!
You kill the orc!
An orc priest comes into view. It is wielding a +0 short sword.
You redirect the orc wizard's attack!
You shoot a bolt. The bolt barely misses the orc wizard.
The bolt closely misses the orc priest.
The bolt hits the orc!
You kill the orc!
The orc priest suddenly jeers.
The orc priest invokes the aid of Beogh against you.
Beogh smites you!
The orc wizard gestures at you while chanting.
The puff of frost hits you!
You feel threatened and lose the ability to read scrolls!
You can read scrolls again.
The orc wizard begins to cast a spell, but is stunned by your conviction!
The warg bites you!
You feel threatened and lose the ability to read scrolls!
The warg closely misses you.
The orc wizard looks satisfied for a moment.
You can read scrolls again.
The warg misses you.
The orc wizard casts a spell at itself.
The orc wizard flickers and vanishes for a moment.
There is a stone staircase leading up here.
The warg bites you. The warg bites you but does no damage.
You climb upwards.
There is a stone staircase leading down here.
You are too injured to fight recklessly!
You are too injured to fight recklessly!
You are too injured to fight recklessly!
Your +1 flail of protection hums with potential!
b - a +1 flail of protection (weapon)
You thump the warg!
Your weapon exudes an aura of protection.
The warg bites you.
* * * LOW HITPOINT WARNING * * *
The wyvern skeleton closely misses you. The warg closely misses you.
You closely miss the warg. The warg completely misses you.
The wyvern skeleton barely misses you. The warg bites you.
* * * LOW HITPOINT WARNING * * *
The wyvern skeleton bites you but does no damage.
You sock the warg! The warg bites you!
You feel threatened and lose the ability to read scrolls!
* * * LOW HITPOINT WARNING * * *
The warg bites you but does no damage.
You barely miss the warg. The warg closely misses you. x2
You closely miss the warg. The warg bites you!
* * * LOW HITPOINT WARNING * * *
The warg bites you.
* * * LOW HITPOINT WARNING * * *
You feel much better. The warg bites you but does no damage.
You hit the warg but do no damage.
Your weapon exudes an aura of protection.
The warg closely misses you. The warg bites you but does no damage.
Your +1 flail of protection goes still.
a - a +0 hand crossbow (weapon)
The warg bites you but does no damage.
Your +1 flail of protection hums with potential!
b - a +1 flail of protection (weapon)
You completely miss the warg. The warg bites you!
* * * LOW HITPOINT WARNING * * *
The warg bites you!
* * * LOW HITPOINT WARNING * * *
You hit the warg.
Your weapon exudes an aura of protection.
The warg bites you but does no damage.
The warg pauses to sniff the ground.
The warg bites you.
* * * LOW HITPOINT WARNING * * *
Your +1 flail of protection goes still.
a - a +0 hand crossbow (weapon)
The warg closely misses you.
Fire: 78 bolts
Aim: a warg (heavily wounded, 62% to hit)
You shoot a bolt.
The bolt hits the warg but does no damage.
The warg bites you but does no damage.
Fire: 77 bolts
Aim: a warg (heavily wounded, 62% to hit)
You shoot a bolt. The bolt barely misses the warg.
The warg bites you!
* * * LOW HITPOINT WARNING * * *
Fire: 76 bolts
Aim: a warg (heavily wounded, 62% to hit)
You shoot a bolt. The bolt hits the warg!
The warg barely misses you. The warg bites you but does no damage.
You feel much better. The warg bites you!
* * * LOW HITPOINT WARNING * * *
Okay, then.
Fire: 75 bolts
Aim: a warg (almost dead, 62% to hit)
You shoot a bolt. The bolt hits the warg.
You kill the warg!
The wyvern skeleton bites you.
* * * LOW HITPOINT WARNING * * *
Fire: 74 bolts
Aim: a wyvern skeleton (88% to hit)
You shoot a bolt. The bolt hits the wyvern skeleton.
The wyvern skeleton bites you.
* * * LOW HITPOINT WARNING * * *
You focus your inner power and illuminate the wyvern skeleton in retribution!
Your +1 flail of protection hums with potential!
b - a +1 flail of protection (weapon)
The wyvern skeleton closely misses you.
You hit the wyvern skeleton.
Your weapon exudes an aura of protection.
The wyvern skeleton bites you but does no damage.
The wyvern skeleton bites you.
* * * LOW HITPOINT WARNING * * *
You sock the wyvern skeleton! The wyvern skeleton bites you.
* * * LOW HITPOINT WARNING * * *
You hit the wyvern skeleton.
The wyvern skeleton bites you but does no damage.
The wyvern skeleton bites you!
You die...

#...# ##.......... ###...###
##......... ###....#..#
##.......##. #.........#
###........#.. ###.......#
##...[.........
######...∩.####.........###..
###.#..#.....###..........###..
#............Z.#........#.##...
###.....##...#@...........#....
##.......##..#.....####........
##...................###........
#..........##.................(.
#...........#...................
#.........#...................(.
###..##..##.....................
##†...........##.......#......
#.............##.).....##.....


You could see a wyvern skeleton (corona).

Vanquished Creatures
  Pikel (D:3)
  Eustachio (D:5)
  A warg (D:7)
  Edmund (D:3)
  A sky beast (D:5)
  A black bear (D:6)
  3 ogres
  3 phantoms
  2 centaurs (D:7)
  A lemure (D:3)
  A big kobold (D:7)
  4 scorpions
  A howler monkey (D:3)
  2 centaur zombies (D:6)
  A bullfrog zombie (D:7)
  2 hounds
  A quasit (D:8)
  5 orc priests
  2 bullfrog skeletons
  2 gnoll shamans (D:5)
  2 jellies (D:7)
  6 orc wizards
  Ijyb (D:4)
  6 worker ants
  A killer bee zombie (D:6)
  40 gnolls
  A worker ant zombie (D:5)
  8 adders
  A howler monkey skeleton (D:7)
  A shadow imp (D:7)
  A white imp (D:7)
  2 ufetubi
  An ooze (D:7)
  2 adder zombies (D:7)
  2 worms
  A dart slug (D:1)
  3 leopard geckos
  38 orcs
  6 bats
  8 giant cockroaches
  5 goblins
  6 hobgoblins
  20 jackals
  4 quokkas
  3 frilled lizards (D:2)
  10 kobolds
  A quokka skeleton (D:5)
  A quokka zombie (D:6)
  7 rats
224 creatures vanquished.

Vanquished Creatures (others)
  A centaur (D:7)
  A gnoll shaman (D:5)
  A gnoll (D:6)
  6 plants
9 creatures vanquished.

Grand Total: 233 creatures vanquished

Notes
Turn   | Place    | Note
-------+----------+-------------------------------------------
     0 | D:1      | CryoSword the Formicid Arcane Marksman began the quest for
                  | the Orb.
     0 | D:1      | Reached XP level 1. HP: 15/15 MP: 2/2
   130 | D:1      | Reached XP level 2. HP: 16/21 MP: 3/3
  1451 | D:2      | Reached XP level 3. HP: 27/27 MP: 4/4
  1476 | D:2      | Learned a level 2 spell: Slow
  1814 | D:2      | Found a sacrificial altar of Ru.
  1819 | D:2      | Reached skill level 3 in Crossbows
  1825 | D:2      | Reached XP level 4. HP: 33/33 MP: 5/5
  1856 | D:2      | Became a worshipper of Ru the Awakened
  2479 | D:3      | Found a glowing golden altar of the Shining One.
  2706 | D:3      | Reached XP level 5. HP: 37/39 MP: 6/6
  3105 | D:4      | Noticed Edmund
  3159 | D:3      | Killed Edmund
  3160 | D:3      | Reached skill level 4 in Crossbows
  3160 | D:3      | Reached skill level 5 in Hexes
  3160 | D:3      | Reached XP level 6. HP: 11/47 MP: 1/7
  3578 | D:4      | Noticed an ogre
  3605 | D:3      | Killed an ogre
  3606 | D:3      | Reached skill level 5 in Crossbows
  3769 | D:4      | Noticed Pikel
  3769 | D:4      | Noticed Ijyb
  4105 | D:3      | Reached XP level 7. HP: 16/53 MP: 1/8
  4364 | D:4      | Killed Ijyb
  4383 | D:4      | Found a stormy altar of Qazlal.
  4488 | D:3      | Gained mutation: You cannot read scrolls while threatened.
                  | [Ru sacrifice]
  4488 | D:3      | Reached * piety under Ru
  4761 | D:3      | Killed Pikel
  4762 | D:3      | Reached skill level 5 in Fighting
  4762 | D:3      | Reached skill level 7 in Crossbows
  4762 | D:3      | Reached XP level 8. HP: 20/62 MP: 3/9
  5373 | D:4      | Learned a level 3 spell: Portal Projectile
  5378 | D:4      | Learned a level 4 spell: Cause Fear
  5826 | D:4      | Found a broken altar of Ashenzari.
  5879 | D:5      | Entered Level 5 of the Dungeon
  6346 | D:5      | Reached skill level 1 in Translocations
  6522 | D:5      | Found a staircase to the Ecumenical Temple.
  6729 | D:5      | Reached skill level 8 in Crossbows
  6729 | D:5      | Reached XP level 9. HP: 48/69 MP: 11/13
  7753 | D:5      | Reached skill level 1 in Armour
  8034 | D:5      | Gained mutation: You take slightly more damage. (AC -5) [Ru
                  | sacrifice]
  8034 | D:5      | Reached ** piety under Ru
  8050 | D:5      | Noticed Eustachio
  8068 | D:5      | Killed Eustachio
  8566 | D:5      | Found an iron altar of Okawaru.
  9203 | D:6      | Reached skill level 9 in Crossbows
  9312 | D:6      | Found Pirghamy's Jewellery Shoppe.
  9845 | D:6      | Reached skill level 1 in Stealth
 10217 | D:6      | Found a shimmering altar of Xom.
 10422 | D:6      | Found Hozxem's Assorted Antiques.
 10423 | D:6      | Found a glowing silver altar of Zin.
 10429 | D:6      | Bought a scroll labelled XEOT TAIROKHA for 23 gold pieces
 10429 | D:6      | Bought a scroll labelled CUSHYE ETZESIT for 23 gold pieces
 10429 | D:6      | Bought a square citrine amulet for 115 gold pieces
 10429 | D:6      | Bought a pair of gloves for 103 gold pieces
 10493 | D:6      | Found an opulent altar of Gozag.
 10520 | D:6      | Found Hatyukei's Gadget Shop.
 10750 | D:6      | Found a burning altar of Makhleb.
 10750 | D:6      | Found a sacrificial altar of Ru.
 10751 | D:6      | Found a snail-covered altar of Cheibriados.
 10752 | D:6      | Found an ornate altar of the Wu Jian Council.
 10942 | D:6      | Found Boplugel's General Store.
 10949 | D:6      | Bought a +0 tower shield for 63 gold pieces
 10949 | D:6      | Bought a scroll of identify for 28 gold pieces
 11017 | D:6      | Found Kemecual's Distillery.
 11088 | D:6      | Reached XP level 10. HP: 76/79 MP: 14/14
 11327 | D:7      | Reached skill level 1 in Shields
 12085 | D:7      | Found Gaisyv's Weapon Shoppe.
 12092 | D:7      | Bought 23 bolts for 59 gold pieces
 12416 | D:7      | HP: 3/79 [warg (14)]
 12424 | D:7      | Mangled by a wyvern skeleton

Illustrated notes

Levels and vault maps discovered:
D:1:      dpeg_arrival_arbitrary_c, layout_basic,
          chequers_serial_rivers_small_b, chequers_jeans,
          minmay_misc_feat_ornament, minmay_misc_feat_doors,
          minmay_stone_trees_small
D:2:      layout_rooms, nicolae_ru_great_annihilating_truth
D:3:      layout_loops_cross, tso_metal_star, serial_bayou_lake_a
D:4:      cheibrodos_pilgrimage, layout_basic, lemuel_doored_altar,
          lemuel_round_altar, hangedman_abyss_or_decor_stagger, uniq_pikel,
          uniq_ijyb, uniq_edmund
D:5:      lemuel_castle_with_subvaults [lemuel_castle_interior_carwin_3],
          layout_basic, minmay_temple_entry_slanted, kennysheep_path_1,
          okawaru_gym_becter, uniq_eustachio
D:6:      layout_loops_corners, pdpol_temple_overflow_zin_treasury_gozag_greed,
          minitemple, serial_shops, shop, shop, shop, shop, kennysheep_mini
D:7:      layout_cave_pools, serial_shops, shop
D:8:      layout_loops_cross, nemelex_xobeh_ov_fountains_minmay,
          erik_lair_orcish_takeover, uniq_erica, uniq_maggie

Skill      XL: |  1  2  3  4  5  6  7  8  9 10 |
---------------+-------------------------------+-----
Hexes          | 4 5 |  5.0
Fighting       | 2 3 5 6 7 |  7.6
Crossbows      | 3 4 5 7 8 9 |  9.9
Spellcasting   | 2 3 |  3.0
Translocations | 1 3 |  3.0
Armour         | 2 3 |  3.8
Stealth        | 1 3 |  3.3
Shields        | 2 |  2.4
Dodging        | |  1.7

Action                   |  1- 3 |  4- 6 |  7- 9 | 10-12 || total
-------------------------+-------+-------+-------+-------++-------
Melee: Dagger            |    31 |       |       |       ||    31
       Short sword       |    67 |       |       |       ||    67
       Trident           |       |   131 |    38 |       ||   169
       Flail             |       |    19 |   514 |    43 ||   576
 Fire: Hand crossbow     |    22 |    40 |   138 |    86 ||   286
Throw: Javelin           |       |     6 |       |       ||     6
 Cast: Corona            |     2 |     1 |     8 |       ||    11
       Slow              |       |    16 |    30 |     7 ||    53
Invok: Sacrifice Words   |       |       |     1 |       ||     1
       Sacrifice Health  |       |       |     1 |       ||     1
       Reject Sacrifices |       |       |       |     1 ||     1
 Abil: Dig               |       |     1 |     3 |       ||     4
  Use: Scroll            |       |     6 |     9 |       ||    15
       Potion            |       |       |     2 |     2 ||     4
 Stab: Distracted        |       |       |     1 |       ||     1
Armor: Robe              |    10 |       |       |       ||    10
       Leather armour    |    45 |    39 |    23 |       ||   107
       Ring mail         |       |       |   315 |    37 ||   352
Dodge: Dodged            |   122 |   110 |   415 |    52 ||   699
